[Event "*** SCC Grand Prix: Titled Tuesday Blitz"]
[Site "Chess.com"]
[Date "2020.06.02"]
[Round "2"]
[White "verdest"]
[Black "Konavets"]
[Result "0-1"]
[WhiteElo "2581"]
[BlackElo "2972"]
[TimeControl "180+1"]
[EndTime "10:17:35 PDT"]
[Termination "Konavets won by resignation"]

1. d4 Nf6 2. c4 e6 3. Nf3 b6 4. g3 Ba6 5. b3 d5 6. Bg2 Bb4+ 7. Bd2 Be7 8. cxd5 exd5 9. O-O O-O 10.
Nc3 c5 11. Bc1 Nc6 12. Bb2 Re8 13. Rc1 Rc8 14. Re1 Bf8 15. e3 h6 16. a3 Qd7 17.
dxc5 bxc5 18. Na4 Ne4 19. Nd2 Nxd2 20. Qxd2 Ne5 21. Bxe5 Rxe5 22. Red1 d4 23. exd4 Re2 24. Qf4 cxd4 25. Rxc8 Bxc8 26. Bf3 Re8 27. Nb2 Bxa3 28. Nc4 Bc5 29. Ne5 Qc7 30. Nd3 Qxf4 31. Nxf4 Bf5 32. Rc1 Bb6 33. Nd5 d3 34. Nxb6 axb6 35. Rd1 Rc8 36.
Kg2 Rc3 37. b4 g5 38. b5 Be6 39. Be4 Bc4 40. Kf3 Bxb5 41. Ke3 Kg7 42. Kd4 Rc2 43. Bxd3 Bxd3 44. Rxd3 Rxf2 0-1

[Event "*** SCC Grand Prix: Titled Tuesday Blitz"]
[Site "Chess.com"]
[Date "2020.06.02"]
[Round "2"]
[White "JSMastropiero"]
[Black "fridaywins"]
[Result "1-0"]
[WhiteElo "2451"]
[BlackElo "2236"]
[TimeControl "180+1"]
[EndTime "10:17:35 PDT"]
[Termination "JSMastropiero won by resignation"]

1. d4 Nf6 2. c4 g6 3. Nc3 Bg7 4. e4 O-O 5. f3 d6 6. Nge2 Nfd7 7.
Be3 c5 8. Qd2 Nc6 9. d5 Nce5 10.
Nc1 Nb6 11. b3 f5 12. exf5 Bxf5 13. Be2 a6 14. O-O Nbd7 15. g4 Bxg4 16. fxg4 Rxf1+ 17. Kxf1 Qa5 18. Rb1 Rf8+ 19. Kg2 Nxc4 20. bxc4 Bxc3 21. Qc2 Bb4 22. Nd3 Ne5 23. Nxe5 dxe5 24. Rf1 Rxf1 25.
Bxf1 Bc3 26. Bd3 Bd4 27. Bh6 Qb6 28. Qb3 Qf6 29. Qc2 Qh4 30. Qe2 Qxh6 31. d6 e6 32. d7 Qf8 33. Qf3 Qd6 34. Qxb7 e4 35. Qc8+ Kg7 36.
d8=Q 1-0

[Event "*** SCC Grand Prix: Titled Tuesday Blitz"]
[Site "Chess.com"]
[Date "2020.06.02"]
[Round "2"]
[White "ahappypawn"]
[Black "m-garcett"]
[Result "1-0"]
[WhiteElo "2370"]
[BlackElo "2049"]
[TimeControl "180+1"]
[EndTime "10:17:36 PDT"]
[Termination "ahappypawn won on time"]

1. d4 Nf6 2. c4 g6 3. Nc3 Bg7 4. g3 d6 5. Bg2 O-O 6. Nf3 Nbd7 7. O-O e5 8. e4 c6 9. Re1 Qb6 10.
dxe5 dxe5 11. Qc2 Re8 12. h3 Bf8 13. Be3 Bc5 14. Na4 Qa5 15. Nxc5 Nxc5 16. Nd2 Be6 17. a3 Na6 18. b4 Qc7 19. Nb3 Rad8 20. Rad1 b5 21.
cxb5 cxb5 22. Qxc7 Nxc7 23. Nc5 Bc4 24. Nb7 Rd3 25.
Rxd3 Bxd3 26. Bxa7 Ne6 27. Nc5 Bc4 28. Nxe6 Rxe6 29. Rd1 Ra6 30. Bc5 Kg7 31. Rd8 h5 32. Bf8+ Kh7 33. Be7 1-0

[Event "*** SCC Grand Prix: Titled Tuesday Blitz"]
[Site "Chess.com"]
[Date "2020.06.02"]
[Round "2"]
[White "BogdanDeac"]
[Black "vinniethepooh"]
[Result "1/2-1/2"]
[WhiteElo "2936"]
[BlackElo "2582"]
[TimeControl "180+1"]
[EndTime "10:17:37 PDT"]
[Termination "Game drawn by agreement"]

1. d4 Nf6 2. c4 e6 3. Nf3 d5 4. g3 dxc4 5. Bg2 a6 6. O-O Nc6 7. Nbd2 Nxd4 8. Nxc4 Nxf3+ 9. Bxf3 Qxd1 10. Rxd1 Be7 11. Bf4 Nd5 12. Be5 Bf6 13. Bxd5 exd5 14.
Bxf6 gxf6 15. Rxd5 Be6 16. Rd4 c5 17. Rf4 Ke7 18.
Kf1 b5 19. Nd2 f5 20. b3 Rad8 21. Ke1 Rd5 22. Rc1 Rhd8 23. Nf1 a5 24. a4 Rd4 25.
axb5 Bxb3 26. Rxd4 Rxd4 27. Nd2 Bd5 28. Rxc5 Kd6 29.
Rc3 Rb4 30. Ra3 Rxb5 31. f3 Ke5 32. Ra4 h5 33. Kd1 Be6 34. Kc2 Rc5+ 35. Kd3 Bd5 36. Rh4 1/2-1/2

[Event "*** SCC Grand Prix: Titled Tuesday Blitz"]
[Site "Chess.com"]
[Date "2020.06.02"]
[Round "2"]
[White "Jospem"]
[Black "Fighter008"]
[Result "1-0"]
[WhiteElo "2892"]
[BlackElo "2560"]
[TimeControl "180+1"]
[EndTime "10:17:37 PDT"]
[Termination "Jospem won by resignation"]

1. e4 c5 2. Nf3 e6 3. d4 cxd4 4. Nxd4 a6 5. Bd3 g6 6. O-O Bg7 7. c3 d6 8. f4 Nf6 9. Be3 O-O 10. h3 e5 11. Ne2 Nc6 12. Nd2 d5 13. Qc2 Re8 14.
Rad1 exf4 15. Nxf4 Qc7 16. Rde1 dxe4 17. Nxe4 Nxe4 18. Bxe4 Be6 19. Nxe6 Rxe6 20. Bd5 Re7 21. Qf2 Ne5 22. Rd1 Rae8 23. Bb6 Qb8 24. Bd4 Kh8 25. a4 f5 26. a5 Nd7 27. Bxg7+ Kxg7 28. Qd4+ Nf6 29.
Bf3 Re5 30. b4 R8e7 31. c4 Qc7 32. c5 Ne4 33. Rfe1 Kh6 34. Re3 Ng5 35. Rxe5 Rxe5 36. Qh4+ Kg7 37. Qxg5 Re7 38. Qd2 Qe5 39. Qd4 1-0

[Event "*** SCC Grand Prix: Titled Tuesday Blitz"]
[Site "Chess.com"]
[Date "2020.06.02"]
[Round "2"]
[White "themind1hunter"]
[Black "artooon"]
[Result "0-1"]
[WhiteElo "2498"]
[BlackElo "2733"]
[TimeControl "180+1"]
[EndTime "10:17:37 PDT"]
[Termination "artooon won on time"]

1. e4 e5 2. Nf3 Nc6 3. Bb5 Nf6 4. d3 Bc5 5. Bxc6 dxc6 6. Nbd2 Qe7 7. Qe2 Nd7 8. Nc4 f6 9. Be3 b6 10. O-O-O Ba6 11.
Bxc5 Nxc5 12. Ne3 Ne6 13. Qd2 O-O-O 14. Qc3 c5 15. Nd5 Qf7 16. Qa3 Kb7 17. Kb1 c6 18. Ne3 Nd4 19. Nxd4 cxd4 20. Nf5 c5 21. f4 exf4 22.
Rhf1 g6 23. Nh6 Qc7 24. Qb3 c4 25. Qb4 Rc8 26. dxc4 Bxc4 27. Rf2 Rhd8 28. b3 Be6 29.
Rxd4 Rxd4 30. Qxd4 Rd8 31. Qxf6 Rd1+ 32. Kb2 Qc5 33. Re2 Bc4 34. Qg7+ Ka6 0-1

[Event "*** SCC Grand Prix: Titled Tuesday Blitz"]
[Site "Chess.com"]
[Date "2020.06.02"]
[Round "2"]
[White "fabianvivasz"]
[Black "aNaartjieZA"]
[Result "0-1"]
[WhiteElo "2292"]
[BlackElo "2557"]
[TimeControl "180+1"]
[EndTime "10:17:37 PDT"]
[Termination "aNaartjieZA won on time"]

1. e4 e6 2. d4 d5 3. Nd2 Nf6 4.
e5 Nfd7 5. Ngf3 c5 6. c3 Nc6 7.
Bd3 a6 8. O-O g5 9. dxc5 g4 10.
Nd4 Ndxe5 11. Bc2 Bxc5 12. N2b3 Bd6 13. f4 gxf3 14. Nxf3 Bd7 15. Nxe5 Nxe5 16. Qh5 Qb6+ 17. Kh1 O-O-O 18. Bf4 f5 19. Rae1 Nc4 20. Bxd6 Qxd6 21. Nd4 Rhg8 22. Nxe6 Rde8 23. Nd4 Ne3 24. Rxe3 Rxe3 25.
Bxf5 Re7 26. Bxd7+ Rxd7 27. g3 Qe7 28. Qf3 Kb8 29. Qf5 Ka8 30. Kg2 Rdd8 31. Rf3 Rgf8 32.
Qh5 Rxf3 33. Qxf3 Qd6 34. Qe3 Rf8 35. a4 Qf6 36. Qe2 Qf7 37. a5 Re8 38. Qd3 Qc7 39.
Nf3 Qxa5 40. Qxh7 Re2+ 41. Kh3 Qb5 42. Qh8+ Ka7 43. Nd4 Qd7+ 44. Kh4 Rxh2+ 0-1

[Event "*** SCC Grand Prix: Titled Tuesday Blitz"]
[Site "Chess.com"]
[Date "2020.06.02"]
[Round "2"]
[White "AverageRecord"]
[Black "Titus369"]
[Result "1-0"]
[WhiteElo "3015"]
[BlackElo "2589"]
[TimeControl "180+1"]
[EndTime "10:17:38 PDT"]
[Termination "AverageRecord won by resignation"]

1. d4 d5 2. Nf3 Nf6 3. Bf4 e6 4. e3 Bd6 5. Bxd6 cxd6 6. c4 dxc4 7. Bxc4 a6 8. Nc3 O-O 9. Bd3 b5 10. O-O Bb7 11. Qe2 Nbd7 12. Rad1 Nb6 13. e4 Qc7 14. Rfe1 Rac8 15. h3 Nc4 16. Rc1 Qb6 17. b3 Na5 18.
Qd2 Nc6 19. Ne2 Rfd8 20. Rc2 Ne7 21. Ng3 Rxc2 22. Bxc2 Rc8 23. Bd3 Qc7 24. a4 bxa4 25. bxa4 Qc3 26. Rb1 Qxd2 27. Nxd2 Bc6 28. Bxa6 Ra8 29.
Bb5 Bxb5 30. axb5 Rb8 31. Ne2 Kf8 32. f3 Ke8 33. Kf2 Kd7 34. Ke3 Ne8 35. Nc3 Nc7 36. Kd3 Nc8 37. Nc4 f6 38. d5 Ne7 39. dxe6+ Nxe6 40. b6 Nf4+ 41. Kd2 Nxg2 42. Rg1 Nh4 43. Rxg7 Nxf3+ 44. Ke3 Nh4 45. Nd5 Ng6 46. Rxh7 Ke6 47. Nc7+ Kd7 48. h4 Rh8 49. Rxh8 Nxh8 50. Nd5 Nxd5+ 51. exd5 Nf7 52. Kf4 Ne5 53. Nxe5+ dxe5+ 54. Ke4 Kd6 55.
h5 f5+ 56. Kxf5 Kxd5 57. b7 e4 58. b8=Q e3 59. Qe5+ Kc4 60. Qxe3 1-0

[Event "*** SCC Grand Prix: Titled Tuesday Blitz"]
[Site "Chess.com"]
[Date "2020.06.02"]
[Round "2"]
[White "Superfelix"]
[Black "temus_galaktionov"]
[Result "0-1"]
[WhiteElo "2488"]
[BlackElo "2725"]
[TimeControl "180+1"]
[EndTime "10:17:38 PDT"]
[Termination "temus_galaktionov won by resignation"]

1. e4 c6 2. Nc3 g6 3. h4 Bg7 4. h5 d6 5. Bc4 Nd7 6. Nf3 b5 7.
Bxf7+ Kxf7 8. Ng5+ Ke8 9. Ne6 Qb6 10. Nxg7+ Kf7 11. h6 Ngf6 12. d4 b4 13. Na4 Qb5 14. b3 Nxe4 15. Qf3+ Ndf6 16. Rh4 d5 17.
Be3 Bd7 18. g4 g5 19. Nf5 gxh4 20. g5 Bxf5 21. Qxf5 Qb7 22. gxf6 Nxf6 23. O-O-O Qc8 24. Qg5 Qg4 25. Qe5 Qe6 26. Qg5 Qg4 27. Qe5 Rhg8 28. Nc5 h3 29. f3 Qc8 30. Bg5 Rg6 31. Re1 Ng8 32. Bf4 e6 33. Qh8 Nf6 34. Qxc8 Rxc8 35. Nxe6 Re8 36. Ng5+ Rxg5 37. Rh1 Rg2 38. Rxh3 Ree2 39.
Be5 Rxc2+ 40. Kb1 Rce2 41. Rh1 Nd7 0-1

[Event "*** SCC Grand Prix: Titled Tuesday Blitz"]
[Site "Chess.com"]
[Date "2020.06.02"]
[Round "2"]
[White "crossingthestreet"]
[Black "DLR7"]
[Result "0-1"]
[WhiteElo "2373"]
[BlackElo "2659"]
[TimeControl "180+1"]
[EndTime "10:17:39 PDT"]
[Termination "DLR7 won by checkmate"]

1. c4 e5 2. Nc3 Nc6 3. e3 Nf6 4. Nf3 d6 5. d4 exd4 6. exd4 d5 7. cxd5 Nxd5 8. Bc4 Be6 9. Qe2 Be7 10. O-O O-O 11. Rd1 Re8 12. Ne5 Nxe5 13. Bxd5 Bxd5 14. dxe5 c6 15. Be3 Qd7 16. Nxd5 cxd5 17. Bd4 Qe6 18. Rac1 b6 19. Qb5 Rac8 20. a4 Rxc1 21. Rxc1 Rc8 22. Rxc8+ Qxc8 23. h3 Qc1+ 24. Qf1 Qf4 25. Qd3 h6 26. g3 Qc1+ 27. Kg2 Qc6 28. a5 Bc5 29. axb6 axb6 30. Qc3 Qb5 31. h4 h5 32. Kf3 Kf8 33. Kf4 Ke8 34. Kg5 Qa4 35. Kxh5 Qxd4 36. Qe1 Qxf2 37. Qd1 Qf5# 0-1

[Event "*** SCC Grand Prix: Titled Tuesday Blitz"]
[Site "Chess.com"]
[Date "2020.06.02"]
[Round "2"]
[White "HansCoolNiemann"]
[Black "mattcolins2025"]
[Result "0-1"]
[WhiteElo "2812"]
[BlackElo "2353"]
[TimeControl "180+1"]
[EndTime "10:17:39 PDT"]
[Termination "mattcolins2025 won by resignation"]

1. d4 Nf6 2. c4 g6 3. Nc3 Bg7 4. e4 d6 5. Be2 O-O 6. Nf3 e5 7. Be3 Ng4 8. Bg5 f6 9. Bh4 Nc6 10. d5 Ne7 11. Nd2 f5 12. O-O h6 13.
Bxg4 fxg4 14. f3 g5 15. Bg3 gxf3 16. Nxf3 Ng6 17. c5 dxc5 18. Rc1 b6 19. a3 Ba6 20. Re1 h5 21. b4 cxb4 22. axb4 h4 23. Bf2 g4 24.
Nd2 g3 25. Be3 gxh2+ 26. Kxh2 Nf4 27. b5 Bc8 28. Nc4 Qg5 29. Bxf4 Qxf4+ 30. Kg1 Qf2+ 31. Kh1 h3 32. Rg1 Rf4 33. g3 Bg4 34. gxf4 Bf3+ 35. Qxf3 Qxf3+ 36. Kh2 Qxf4+ 37. Kxh3 Kh7 38. Rcf1 Qh6+ 39.
Kg4 Qg6+ 40. Kh3 Qh5+ 41. Kg3 Qg5+ 42. Kh3 Qh5+ 43. Kg3 Bh6 44. Kf2 Rf8+ 45. Ke1 Qh4+ 46. Ke2 Qh2+ 47. Kd3 Qh3+ 48. Kc2 Rxf1 49. Rxf1 Qxf1 0-1

[Event "*** SCC Grand Prix: Titled Tuesday Blitz"]
[Site "Chess.com"]
[Date "2020.06.02"]
[Round "2"]
[White "Justinz"]
[Black "H16"]
[Result "1-0"]
[WhiteElo "2306"]
[BlackElo "2518"]
[TimeControl "180+1"]
[EndTime "10:17:39 PDT"]
[Termination "Justinz won on time"]

1. e4 c5 2. Nf3 d6 3. d4 cxd4 4.
Nxd4 Nf6 5. Nc3 a6 6. Rg1 e5 7. Nb3 Be6 8. g4 d5 9. exd5 Nxd5 10. Nxd5 Qxd5 11. Be3 Nc6 12. Bg2 Qxd1+ 13. Rxd1 Rd8 14.
Rxd8+ Kxd8 15. Bb6+ Kc8 16. Be4 Be7 17. Ke2 Bd8 18. Be3 Be7 19. c3 Rd8 20. f3 Bc4+ 21. Kf2 h6 22. Rh1 Bh4+ 23. Kg2 Bg5 24. Kf2 Bh4+ 25. Kg2 Kc7 26. Rc1 Bg5 27. Kf2 g6 28.
Rh1 Bh4+ 29. Kg2 Bg5 30. Kf2 Bd5 31. h4 Bxe3+ 32. Kxe3 Bxe4 33. fxe4 b6 34. Rf1 Rd7 35. Nd2 Na5 36. b3 b5 37. Rf6 Nc6 38. h5 gxh5 39. gxh5 Rd6 40. Rxf7+ Kb6 41. Nf3 a5 42. Rg7 a4 43.
Rg6 Kc7 44. Nh4 Ne7 45. Rg7 1-0

[Event "*** SCC Grand Prix: Titled Tuesday Blitz"]
[Site "Chess.com"]
[Date "2020.06.02"]
[Round "2"]
[White "jb2mix"]
[Black "Flawless_Fighter"]
[Result "1-0"]
[WhiteElo "2703"]
[BlackElo "2463"]
[TimeControl "180+1"]
[EndTime "10:17:41 PDT"]
[Termination "jb2mix won by resignation"]

1. e4 c6 2. d4 d5 3. Nc3 dxe4 4.
Nxe4 Bf5 5. Ng3 Bg6 6. Nh3 Nf6 7.
Nf4 e5 8. Nxg6 hxg6 9. dxe5 Qa5+ 10. Bd2 Qxe5+ 11. Qe2 Nbd7 12. Qxe5+ Nxe5 13. f4 Ned7 14. O-O-O O-O-O 15. Bc4 Nd5 16. Ne4 Be7 17. Rde1 Rde8 18. g4 f5 19. gxf5 gxf5 20. Ng3 g6 21. Re6 Bf6 22.
Bxd5 cxd5 23. Rd6 Rh3 24. Rxd5 Reh8 25. Rd1 R8h7 26. Be3 Rxh2 27. a4 Rg2 28. Nf1 Nb6 29.
Rc5+ Kb8 30. a5 Nd7 31. Rcd5 Kc7 32. Bxa7 Re2 33. Bb6+ Nxb6 34. axb6+ Kc8 35. Nd2 Rhh2 36. Rd6 Bd8 37. Rxg6 Be7 38. Rg8+ Kd7 39. Nf3+ Ke6 40. Nxh2 Rxh2 41. Rb8 Bd6 42. Rxb7 Bxf4+ 43. Kb1 Be5 44. Rbd7 Rh8 45. R7d2 Rh4 46. c3 Rc4 47. Re1 Kf6 48.
Rxe5 Kxe5 49. b7 1-0

[Event "*** SCC Grand Prix: Titled Tuesday Blitz"]
[Site "Chess.com"]
[Date "2020.06.02"]
[Round "2"]
[White "Reinaldovera"]
[Black "grzechu96"]
[Result "0-1"]
[WhiteElo "2246"]
[BlackElo "2632"]
[TimeControl "180+1"]
[EndTime "10:17:41 PDT"]
[Termination "grzechu96 won on time"]

1. d4 d5 2. c4 c6 3. Nc3 Nf6 4. cxd5 cxd5 5. Bf4 Nc6 6. e3 a6 7. Bd3 Bg4 8. Nge2 e6 9. O-O Bd6 10. f3 Bh5 11. Rc1 Bg6 12. Bxd6 Qxd6 13. Nf4 O-O 14.
Nxg6 hxg6 15. f4 Rac8 16. g4 Nb4 17. Bb1 Ne4 18. Nxe4 dxe4 19. Bxe4 Nxa2 20. Rxc8 Rxc8 21. Qb3 Nb4 22. Bxb7 Rb8 23. Be4 Nd5 24. Qd3 Rxb2 25. Rc1 Ne7 26. h4 Qb4 27. h5 Rb3 28. Qc4 Qxc4 29. Rxc4 Rxe3 30. Bb7 gxh5 31. gxh5 a5 32. Kf2 Rh3 33. Rc7 Nf5 34. d5 Rxh5 35. dxe6 fxe6 36. Bc8 Nd4 37. Rd7 Rd5 0-1

[Event "*** SCC Grand Prix: Titled Tuesday Blitz"]
[Site "Chess.com"]
[Date "2020.06.02"]
[Round "2"]
[White "memer5334"]
[Black "Oligan22"]
[Result "1/2-1/2"]
[WhiteElo "2223"]
[BlackElo "2432"]
[TimeControl "180+1"]
[EndTime "10:17:41 PDT"]
[Termination "Game drawn by repetition"]

1. d4 d5 2. c4 dxc4 3. e4 Nc6 4. Nf3 Nf6 5. Nc3 Bg4 6. Be3 e6 7. Bxc4 Bb4 8. Bd3 Bxf3 9. gxf3 O-O 10. a3 Ba5 11.
Bc2 Bb6 12. Ne2 e5 13. d5 Na5 14. Bxb6 axb6 15. Qd3 c5 16. b4 c4 17. Qd1 Nb3 18. Bxb3 cxb3 19. Qxb3 Rc8 20. Rg1 Nh5 21. Qe3 g6 22. f4 exf4 23. Nxf4 Nxf4 24. Qxf4 Rc2 25. Rc1 Qc8 26. Rxc2 Qxc2 27. Rg3 Re8 28. Re3 Qc4 29.
Qf3 Rc8 30. Rd3 Qc1+ 31. Rd1 Qc4 32. d6 Re8 33. d7 Rxe4+ 34. Qxe4 Qxe4+ 35. Kf1 Qc4+ 36.
Ke1 Qe6+ 37. Kf1 Qh3+ 38. Ke1 Qe6+ 39. Kf1 Qc4+ 40. Ke1 Qe6+ 1/2-1/2

[Event "*** SCC Grand Prix: Titled Tuesday Blitz"]
[Site "Chess.com"]
[Date "2020.06.02"]
[Round "2"]
[White "nitpicker"]
[Black "Irochka83"]
[Result "1-0"]
[WhiteElo "2211"]
[BlackElo "2411"]
[TimeControl "180+1"]
[EndTime "10:17:41 PDT"]
[Termination "nitpicker won on time"]

1. d4 d5 2. c4 dxc4 3. e4 e5 4. Nf3 Bb4+ 5. Bd2 Bxd2+ 6. Nbxd2 exd4 7. Bxc4 Nc6 8. O-O Nf6 9. e5 Nd5 10. Re1 O-O 11. Nb3 Bg4 12. h3 Bh5 13. Re4 Bg6 14.
Rg4 Nb6 15. Bb5 d3 16. Nbd4 Nb4 17. Ne6 fxe6 18. Rxb4 c5 19. Rg4 Qd5 20. a4 Bh5 21. Rh4 Bxf3 22. gxf3 Rxf3 23. a5 Nd7 24. Bc4 Qc6 25.
Bxe6+ Qxe6 26. Qxf3 Nxe5 27. Qe4 h6 28. Rg4 Re8 29.
Rg3 c4 30. Re1 Nf3+ 31. Qxf3 Qxe1+ 32. Kg2 Qe4 33. Qxe4 Rxe4 34. Kf3 Rd4 35. Rg4 d2 36. Rxd4 1-0

[Event "*** SCC Grand Prix: Titled Tuesday Blitz"]
[Site "Chess.com"]
[Date "2020.06.02"]
[Round "2"]
[White "kuba2006"]
[Black "topin8"]
[Result "0-1"]
[WhiteElo "2406"]
[BlackElo "2292"]
[TimeControl "180+1"]
[EndTime "10:17:41 PDT"]
[Termination "topin8 won by checkmate"]

1. e4 e5 2. Nf3 Nc6 3. Nc3 Nf6 4. a3 Bc5 5. Nxe5 Nxe5 6. d4 Bd6 7. f4 Ng6 8. e5 Be7 9. exf6 Bxf6 10. Be2 O-O 11.
O-O d5 12. f5 Nh4 13. Bg4 h5 14. Bh3 g6 15. Bh6 Re8 16. fxg6 fxg6 17. Bxc8 Rxc8 18.
Bf4 Nf5 19. Qd3 Bxd4+ 20. Kh1 c6 21. Rad1 Qd7 22. Ne2 Be3 23. Ng3 Bxf4 24. Rxf4 Re3 25. Qd2 Nxg3+ 26. hxg3 Rxg3 27. Qf2 Rg4 28. Rf6 Re8 29.
Rf1 Qg7 30. Rf7 Qd4 31. Rf8+ Kh7 32. Qf7+ Kh6 33. Rxe8 Rh4# 0-1

[Event "*** SCC Grand Prix: Titled Tuesday Blitz"]
[Site "Chess.com"]
[Date "2020.06.02"]
[Round "2"]
[White "bratkoo"]
[Black "CzechmVIII"]
[Result "1-0"]
[WhiteElo "2418"]
[BlackElo "2160"]
[TimeControl "180+1"]
[EndTime "10:17:41 PDT"]
[Termination "bratkoo won on time"]

1. e4 c5 2. Nf3 d6 3. d4 cxd4 4. Nxd4 Nf6 5. Nc3 g6 6. Bc4 Bg7 7. Be3 O-O 8. f3 Nc6 9. Qd2 Bd7 10. O-O-O Rc8 11. Bb3 Ne5 12. Kb1 Nc4 13. Bxc4 Rxc4 14. g4 b5 15. b3 b4 16. bxc4 bxc3 17. Qxc3 Qc7 18. Qd3 Rc8 19. Nb3 Be6 20. c5 d5 21.
g5 dxe4 22. fxe4 Nh5 23. Bd4 Nf4 24. Qe3 Bxd4 25. Nxd4 Rb8+ 26. Kc1 Bxa2 27. Rhf1 Ne6 28. Nxe6 Bxe6 29. Qd4 Qa5 30. Rd3 Ba2 31. Kd1 Qa6 32. Kd2 Bc4 33. Ra1 Bxd3 34. Rxa6 Bxa6 35. c6 Rc8 36. Qd7 Kg7 37. Ke3 h6 38. gxh6+ Kxh6 39. c7 Kg7 40. Qxe7 Bb7 41. Kd4 a5 42. Kc5 a4 43. Kb6 Ba8 44. Qd7 Rh8 45. c8=Q 1-0

[Event "*** SCC Grand Prix: Titled Tuesday Blitz"]
[Site "Chess.com"]
[Date "2020.06.02"]
[Round "2"]
[White "Campelov"]
[Black "Sunnika"]
[Result "0-1"]
[WhiteElo "2151"]
[BlackElo "2402"]
[TimeControl "180+1"]
[EndTime "10:17:41 PDT"]
[Termination "Sunnika won by resignation"]

1. e4 e6 2. d4 d5 3. Nc3 Bb4 4. e5 Ne7 5. a3 Bxc3+ 6. bxc3 c5 7. Qg4 O-O 8. Bd3 Nbc6 9. Qh5 Ng6 10. Nf3 Qc7 11. Bd2 c4 12. Bf1 Bd7 13. g3 Be8 14.
Ng5 h6 15. h4 Qd7 16. Bh3 hxg5 17. hxg5 f5 18. gxf6 Kf7 19. O-O-O Rh8 20. Qg5 Qd8 21. Bg4 gxf6 22. exf6 Qxf6 23. Qe3 Bd7 24. Rh6 Rxh6 25. Qxh6 Rh8 26. Qe3 Kg7 27. f4 Nce7 28.
Bf3 Nf5 29. Qf2 Qf8 30. g4 Qxa3+ 31. Kb1 Nd6 32. f5 exf5 33. gxf5 Bxf5 34. Bxd5 Qb3+ 35. Ka1 Bxc2 36. Qf7+ Nxf7 0-1

[Event "*** SCC Grand Prix: Titled Tuesday Blitz"]
[Site "Chess.com"]
[Date "2020.06.02"]
[Round "2"]
[White "stolencandy13"]
[Black "BillieKimbah"]
[Result "0-1"]
[WhiteElo "2555"]
[BlackElo "2876"]
[TimeControl "180+1"]
[EndTime "10:17:42 PDT"]
[Termination "BillieKimbah won by resignation"]

1. e4 c5 2. Nf3 e6 3. d4 cxd4 4. Nxd4 Nc6 5. c4 Nf6 6. Nc3 Bc5 7. Nxc6 dxc6 8. Qxd8+ Kxd8 9. e5 Ng4 10. Be2 Nxe5 11. Bf4 Ng6 12. Rd1+ Ke7 13. Bd2 a5 14. O-O e5 15.
Na4 Bd4 16. Bg5+ f6 17. Be3 Bxe3 18. fxe3 Be6 19. a3 Rad8 20. Nc5 Bc8 21. b4 axb4 22. axb4 Nh4 23. Kf2 Nf5 24. Bd3 Nd6 25. Ra1 Be6 26. Ra7 Rb8 27. Nxe6 Kxe6 28. c5 Nf5 29.
Bc4+ Ke7 30. Rd1 Rhd8 31. Rxd8 Kxd8 32. b5 Ne7 33. b6 Ng6 34. Kf3 Nf8 35. Ke4 Nd7 36.
Bg8 Nxc5+ 37. Kf5 Nd7 38. Be6 Nxb6 39. Bg8 Ke7 40. Bxh7 Nd5 41. Ke4 Nc7 42. Bf5 Nb5 43.
Ra1 Nd6+ 0-1

[Event "*** SCC Grand Prix: Titled Tuesday Blitz"]
[Site "Chess.com"]
[Date "2020.06.02"]
[Round "2"]
[White "tteshan"]
[Black "Niclox"]
[Result "0-1"]
[WhiteElo "2225"]
[BlackElo "2629"]
[TimeControl "180+1"]
[EndTime "10:17:42 PDT"]
[Termination "Niclox won by resignation"]

1. e4 c5 2. c3 Nf6 3. e5 Nd5 4. Nf3 Nc6 5. Bc4 Nb6 6. Bb3 g6 7. O-O Bg7 8. Re1 O-O 9. d4 cxd4 10. cxd4 d6 11. h3 Bf5 12. Nc3 Rc8 13. Bf4 Na5 14. exd6 exd6 15. Bg5 Bf6 16. Bh6 Re8 17. Rxe8+ Qxe8 18.
Nd5 Nxd5 19. Bxd5 Qb5 20. Bb3 Nxb3 21. axb3 a6 22. Bf4 Qd5 23. Qd2 h5 24. Ra5 Qxb3 25.
Bxd6 Qc2 26. Qh6 Qc1+ 27. Qxc1 Rxc1+ 28. Kh2 Rc2 29. b4 Rxf2 30. Kg3 Rb2 31. Rc5 Kg7 32.
Rc7 Be4 33. Be5 Bxf3 34. Bxf6+ Kxf6 35. Kxf3 Rxb4 36. d5 a5 37. d6 a4 38. d7 Ke7 39.
d8=Q+ Kxd8 40. Rxf7 a3 41. Rf8+ Kc7 42. Ra8 Rb3+ 43.
Kf4 b5 44. Kg5 b4 45. Kxg6 Rb2 46. Kxh5 a2 47. h4 b3 48. g4 Rb1 49. g5 a1=Q 50.
Rxa1 Rxa1 51. g6 Rg1 52. Kh6 b2 53. h5 b1=Q 54. Kh7 Qf5 55. Kh6 0-1

[Event "*** SCC Grand Prix: Titled Tuesday Blitz"]
[Site "Chess.com"]
[Date "2020.06.02"]
[Round "2"]
[White "tapu2"]
[Black "queen_iryna"]
[Result "1-0"]
[WhiteElo "2532"]
[BlackElo "2285"]
[TimeControl "180+1"]
[EndTime "10:17:42 PDT"]
[Termination "tapu2 won on time"]

1. e4 d6 2. d4 Nf6 3. Nc3 e5 4. Nf3 Nbd7 5. Be2 Be7 6. O-O O-O 7. Re1 c6 8. a4 h6 9. Bf1 Re8 10. b3 Qc7 11. Bb2 Nf8 12. Bd3 Ng6 13. Ne2 Bg4 14. Ng3 Bf8 15. h3 Bd7 16. Nd2 Rad8 17. Nc4 Bc8 18. Qf3 b5 19. axb5 cxb5 20. Ne3 a6 21.
Nef5 Bxf5 22. Nxf5 Ne7 23. Nxe7+ Qxe7 24. c4 Qb7 25. d5 Nd7 26. cxb5 axb5 27. b4 Be7 28. Ra5 Nb6 29. Bxb5 Rf8 30. Bc6 Qc7 31. Qd3 Rb8 32. Bc3 Bg5 33. Rea1 Bf4 34. g3 Bg5 35. h4 Bf6 36. Ra7 Qc8 37. b5 Qh3 38. Qf1 Qg4 39. Qd1 Qxe4 40. Ba5 1-0

[Event "*** SCC Grand Prix: Titled Tuesday Blitz"]
[Site "Chess.com"]
[Date "2020.06.02"]
[Round "2"]
[White "doctorcristian"]
[Black "turayev_shahruh17"]
[Result "1-0"]
[WhiteElo "2296"]
[BlackElo "2495"]
[TimeControl "180+1"]
[EndTime "10:17:42 PDT"]
[Termination "doctorcristian won by resignation"]

1. d4 c5 2. d5 Nf6 3. Nc3 g6 4. e4 d6 5. Bb5+ Nfd7 6. Nf3 Bg7 7. a4 O-O 8. O-O Na6 9. Re1 Nc7 10. Bf1 a6 11.
Bf4 Rb8 12. Qd2 b5 13. axb5 axb5 14. Bh6 b4 15. Nd1 Bxh6 16. Qxh6 f6 17. Ne3 Ne5 18.
Nxe5 fxe5 19. Ra7 Ne8 20. Rea1 Nf6 21. f3 Rb7 22. Ra8 Qc7 23. Ba6 Rb8 24. Bxc8 Rfxc8 25. Rxb8 Rxb8 26. Nc4 Qd7 27. b3 Qb7 28. Qh3 Qc8 29.
Qxc8+ Rxc8 30. Ra7 Kf8 31. Kf2 Ne8 32. h4 Nc7 33.
Rb7 Ke8 34. Nb6 Kd8 35. Nxc8 Kxc8 36. Rb6 Na8 37. Ra6 Kb7 38. Ra1 Nc7 39. Ke3 Nb5 40.
Kd3 h6 41. Kc4 Nd4 42. c3 Nc2 43. Ra2 Na3+ 44. Kd3 Kb6 45. c4 Kb7 46. Rb2 Nb1 47.
Rxb1 Kb6 48. Ra1 Kb7 49. Ke3 Kb8 50. h5 g5 51. Kf2 Kb7 52. Kg3 e6 53. Kg4 exd5 1-0

[Event "*** SCC Grand Prix: Titled Tuesday Blitz"]
[Site "Chess.com"]
[Date "2020.06.02"]
[Round "2"]
[White "woodhy"]
[Black "ChessAintFun"]
[Result "1/2-1/2"]
[WhiteElo "2443"]
[BlackElo "2657"]
[TimeControl "180+1"]
[EndTime "10:17:43 PDT"]
[Termination "Game drawn by agreement"]

1. e4 c5 2. Nf3 e6 3. d4 cxd4 4.
Nxd4 Nc6 5. c4 Nf6 6. Nc3 Bb4 7. Nxc6 bxc6 8. Bd3 e5 9. O-O Rb8 10. Qc2 O-O 11.
a3 Bc5 12. b4 Bd4 13. Rb1 a5 14. Bd2 axb4 15. axb4 Qe7 16. c5 d6 17. cxd6 Qxd6 18.
Ne2 Rd8 19. Nxd4 Qxd4 20. Be3 Qxd3 21. Rbd1 Ba6 22. Rxd3 Bxd3 23. Qxc6 Bxf1 24. Kxf1 Rxb4 25. g3 Nxe4 26. Qc7 Re8 27. Qc6 Reb8 28. Qd5 Nf6 29. Qxe5 Ng4 30. Qg5 Nxe3+ 31. Qxe3 g6 32. h4 h5 33. Kg2 R4b5 34. Qc3 Re8 35. Qc6 Rbe5 36. Qd7 R8e7 37. Qd8+ Kg7 38. Qd4 Kh7 39. Qc3 Rd5 40. Qb3 Red7 41. Qf3 Rd2 42. Qb3 Kg8 43. Qb8+ Rd8 44. Qb3 Re2 45. Qc3 Rdd2 46. Qc8+ Kg7 47. Qc4 Kh7 48. Qxf7+ Kh6 49. Qf8+ Kh7 50. Qf7+ Kh6 1/2-1/2